 Dungeon Crawl Stone Soup version 0.23-a0-435-g79ed067e35 (webtiles) character file.

289 Lapesh the Sneak (level 6, -12/28 HPs)
             Began as a Spriggan Enchanter on Nov 16, 2018.
             Killed by nerve-wracking pain
             ... invoked by an orc priest
              (14 damage)
             ... on level 4 of the Dungeon.
             The game lasted 00:09:03 (3654 turns).

Lapesh the Sneak (Spriggan Enchanter)               Turns: 3654, Time: 00:09:04

Health: -12/28     AC:  3    Str:  5    XL:     6   Next: 9%
Magic:  0/14       EV: 18    Int: 17    God:
Gold:   173        SH:  0    Dex: 17    Spells: 5/14 levels left

rFire    . . .     SeeInvis +   a - +3 dagger
rCold    . . .     Gourm    .   (shield restricted)
rNeg     . . .     Faith    .   b - +1 robe
rPois    .         Spirit   .   (helmet restricted)
rElec    .         Reflect  .   (no cloak)
rCorr    .         Harm     .   (gloves unavailable)
MR       +....     Rnd*Rage +   (boots unavailable) Stlth ++++......Rnd*Tele +
                                (no amulet)
HPRegen  0.09/turn              i - ring of teleportation (curse)
MPRegen  0.14/turn              (no ring)

@: very quick
A: very small, unfitting armour, see invisible, berserk 1, herbivore, speed 3,
sense surroundings 1, slow metabolism 2
a: no special abilities


You were on level 4 of the Dungeon.
You were not hungry.

You visited 1 branch of the dungeon, and saw 4 of its levels.

You collected 173 gold pieces.

Inventory:

Hand Weapons
 a - a +3 dagger (weapon)
 c - a +0 spear
Armour
 b - a +1 robe (worn)
Jewellery
 i - a cursed ring of teleportation (left hand)
Scrolls
 f - 2 scrolls of remove curse
 g - a scroll of teleportation
Potions
 h - a potion of flight
Comestibles
 d - 7 rations


   Skills:
 - Level 1.1 Short Blades
 - Level 3.0 Dodging
 + Level 7.3 Stealth
 - Level 4.9 Spellcasting
 - Level 5.5 Hexes


You had 5 spell levels left.
You knew the following spells:

 Your Spells              Type           Power        Failure   Level  Hunger
a - Ensorcelled Hibernat  Hex/Ice        ##....       7%          2    #......
b - Corona                Hex            ###....      1%          1    None
c - Confuse               Hex            ###.....     4%          3    ###....
d - Tukima's Dance        Hex            ###.....     4%          3    ###....

Your spell library contained the following spells:

 Spells                   Type           Power        Failure   Level  Hunger
 Dazzling Spray           Conj/Hex       ##....       14%         3    ###....


Dungeon Overview and Level Annotations

Branches:
Dungeon (4/15)
 Temple: D:4-7

Altars:
Fedhas
Nemelex Xobeh
Okawaru
Wu Jian


Innate Abilities, Weirdness & Mutations

You are very small and have problems with some larger weapons.
You are too small for most types of armour.
You have supernaturally acute eyesight. (SInv)
You are a herbivore.
You cover ground extremely quickly.
You need to consume almost no food.
You tend to lose your temper in combat.
You passively map a small area around you.


Message History

The orc priest misses you.
You closely miss the orc priest.
The orc priest is lightly wounded.
The orc priest misses you.
Casting: Ensorcelled Hibernation (safe; 7% risk of failure)
Confirm with . or Enter, or press ? or * to list all spells.
Aiming: Ensorcelled Hibernation (safe; 7% risk of failure)
Press: ? - help, Shift-Dir - straight line, f/p - orc priest
Aim: an orc priest, wielding a +0 mace and wearing a +0 ring mail (lightly The orc priest resists with some effort.
You hit the orc priest.
The orc priest is moderately wounded.
The orc priest hits you with a +0 mace.
* * * LOW HITPOINT WARNING * * *
You barely miss the orc priest.
The orc priest is moderately wounded.
The orc priest invokes the aid of Beogh against you.
Pain shoots through your body!
Ouch! That really hurt!
You die...

* * ≈ #..#+## * , *
######...... ,, ,
#........... . # ## *
#........... ..*.##.
#........... * , ..,...
#........... * ###'##.##
#........... ,
........######...........
......†o@................
*
,........#######.........(
........# ######.####
).......# #..... ,
........# ###### ........#
*, ........# ........#
,........#


You could see an orc priest.

Vanquished Creatures
  A scorpion (D:4)
  An orc wizard (D:4)
  Jessica (D:2)
  2 worker ants (D:4)
  4 adders
  A shadow imp (D:2)
  2 worms (D:3)
  4 dart slugs
  3 leopard geckos
  12 orcs
  A giant cockroach (D:2)
  4 goblins
  7 hobgoblins
  3 quokkas
  8 bats
  4 frilled lizards
  7 kobolds
  10 rats
75 creatures vanquished.

Notes
Turn   | Place    | Note
-------+----------+-------------------------------------------
     0 | D:1      | Lapesh the Spriggan Enchanter began the quest for the Orb.
     0 | D:1      | Reached XP level 1. HP: 9/9 MP: 5/5
   150 | D:1      | Reached XP level 2. HP: 13/13 MP: 7/7
   154 | D:1      | Learned a level 2 spell: Ensorcelled Hibernation
  1211 | D:2      | Reached XP level 3. HP: 12/16 MP: 3/9
  1216 | D:2      | Learned a level 3 spell: Confuse
  1220 | D:2      | Learned a level 3 spell: Tukima's Dance
  1319 | D:2      | Noticed Jessica
  1333 | D:2      | Killed Jessica
  1572 | D:2      | Reached XP level 4. HP: 21/21 MP: 11/11
  1656 | D:2      | Reached skill level 5 in Hexes
  1744 | D:2      | Found an iron altar of Okawaru.
  1746 | D:2      | Found a sparkling altar of Nemelex Xobeh.
  1746 | D:2      | Found a blossoming altar of Fedhas.
  2336 | D:3      | Found an ornate altar of the Wu Jian Council.
  2805 | D:3      | Reached XP level 5. HP: 24/24 MP: 5/13
  2972 | D:3      | Gained mutation: You tend to lose your temper in combat.
                  | [potion of mutation]
  2972 | D:3      | Gained mutation: You passively map a small area around you.
                  | [potion of mutation]
  3130 | D:4      | Reached skill level 5 in Stealth
  3332 | D:4      | Reached skill level 6 in Stealth
  3613 | D:4      | Identified the +1 leather armour "Dirphipe" {*Corrode rC+
                  | Int+2 Dex+4}
  3614 | D:4      | Reached skill level 7 in Stealth
  3621 | D:4      | Reached XP level 6. HP: 19/28 MP: 9/14
  3654 | D:4      | Killed from afar by an orc priest

Vault maps used:
D:1:      psy_arrival_conway
D:2:      gammafunk_temple_overflow_forgotten, serial_forest,
          infiniplex_forest_clump_diagonal, infiniplex_forest_clump_small,
          infiniplex_forest_lined_3_way, infiniplex_forest_end_2,
          infiniplex_forest_clump_small, infiniplex_forest_lined_2,
          infiniplex_forest_clump_diagonal, guppyfry_early_lair_pool,
          uniq_jessica
D:3:      nicolae_overflow_crystal_walls
D:4:      first_ration, kennysheep_generic_room_12

Skill      XL: |  1  2  3  4  5 |
---------------+----------------+-----
Spellcasting   | 3 4 |  4.9
Hexes          | 4 5 |  5.5
Stealth        | 7 |  7.3
Short Blades   | |  1.1
Dodging        | |  3.0

Action                   |  1- 3 |  4- 6 || total
-------------------------+-------+-------++-------
Melee: Dagger            |    56 |   136 ||   192
 Cast: Corona            |     2 |       ||     2
       Ensorcelled Hiber |     7 |    33 ||    40
  Use: Scroll            |     8 |     5 ||    13
       Potion            |       |     6 ||     6
 Stab: Sleeping          |    15 |    25 ||    40
  Eat: Ration            |       |     1 ||     1
Armor: Robe              |    10 |    13 ||    23
Dodge: Dodged            |    49 |    97 ||   146

Table legend:
 A = Non-vault XP
 B = Vault XP
 C = Vault XP percentage of total XP
 D = Non-vault monster count
 E = Vault monster count
 F = Vault count percentage of total count
                 A         B        C        D         E       F
            +---------+---------+-------+---------+---------+-------
      Total |     377 |      37 |   8.9 |      74 |       1 |   1.3
            +---------+---------+-------+---------+---------+-------
        D:1 |      19 |       0 |   0.0 |      11 |       0 |   0.0
        D:2 |      76 |      37 |  32.7 |      18 |       1 |   5.3
        D:3 |      69 |       0 |   0.0 |      28 |       0 |   0.0
        D:4 |     213 |       0 |   0.0 |      17 |       0 |   0.0
            +---------+---------+-------+---------+---------+-------
